 Dungeon Crawl Stone Soup version 0.23-a0-130-g0e7800e (webtiles) character file.

96 TheOrbIsALie the Conjurer (level 4, -3/30 HPs)
             Began as a Demonspawn Air Elementalist on Aug 27, 2018.
             Slain by an orc wizard
             ... wielding a +0 dagger
              (5 damage)
             ... on level 3 of the Dungeon.
             The game lasted 00:03:40 (2099 turns).

TheOrbIsALie the Conjurer (DsAE)                    Turns: 2099, Time: 00:03:40

Health: -3/30      AC:  2    Str:  8    XL:     4   Next: 41%
Magic:  0/7        EV: 14    Int: 17    God:
Gold:   86         SH:  0    Dex: 14    Spells: 6/7 levels left

rFire    . . .     SeeInvis .   (no weapon)
rCold    . . .     Gourm    .   (no shield)
rNeg     . . .     Faith    .   a - +0 robe
rPois    .         Spirit   .   (no helmet)
rElec    .         Reflect  .   (no cloak)
rCorr    .         Harm     .   (no gloves)
MR       +....                  (no boots)
Stlth    ++........             (no amulet)
HPRegen  0.10/turn              i - ring of protection from magic
MPRegen  0.10/turn              (no ring)

@: no status effects
A: repulsion field 1, spiny 1
a: no special abilities


You were on level 3 of the Dungeon.
You were not hungry.

You visited 1 branch of the dungeon, and saw 3 of its levels.

You collected 86 gold pieces.

Inventory:

Missiles
 j - 5 curare-tipped needles
Armour
 a - a +0 robe (worn)
Jewellery
 i - a ring of protection from magic (left hand)
Scrolls
 e - a scroll of enchant armour {unknown}
 f - 2 scrolls of noise {unknown}
 g - a scroll of teleportation {unknown}
 h - a scroll of identify {unknown}
 l - a scroll of amnesia {unknown}
Potions
 b - a potion of brilliance {unknown}
 d - a potion of mutation {unknown}
 m - a potion of heal wounds {unknown}
Comestibles
 c - 4 rations
 k - 3 chunks of flesh


   Skills:
 - Level 1.9 Dodging
 - Level 1.7 Stealth
 - Level 2.0 Spellcasting
 + Level 4.2 Conjurations
 - Level 2.6 Air Magic


You had 6 spell levels left.
You knew the following spells:

 Your Spells              Type           Power        Failure   Level  Hunger
a - Shock                 Conj/Air       ##..         4%          1    #......

Your spell library contained the following spells:

 Spells                   Type           Power        Failure   Level  Hunger
 Static Discharge         Conj/Air       ##......     14%         3    ###....
 Swiftness                Chrm/Air       #.......     17%         2    ###....
 Airstrike                Air            ##........   54%         4    #####..
 Lightning Bolt           Conj/Air       ##........   78%         5    ######.


Dungeon Overview and Level Annotations

Branches:
Dungeon (3/15)

Altars:
Ashenzari
Makhleb
Zin


Innate Abilities, Weirdness & Mutations

You are surrounded by a mild repulsion field. (EV +2)
You are partially covered in sharp spines.


Message History

* * * LOW HITPOINT WARNING * * *
The orc is struck by your spines.
You kill the orc!
Casting: Shock (safe; 4% risk of failure)
Confirm with . or Enter, or press ? or * to list all spells.
Aiming: Shock (safe; 4% risk of failure)
Press: ? - help, Shift-Dir - straight line, f/p - orc wizard
Aim: an orc wizard, wielding a dagger and wearing a robe (severely wounded)
Okay, then.
The orc wizard hits you with a dagger.
* * * LOW HITPOINT WARNING * * *
Unknown command.
Casting: Shock (safe; 4% risk of failure)
Confirm with . or Enter, or press ? or * to list all spells.
Aiming: Shock (safe; 4% risk of failure)
Press: ? - help, Shift-Dir - straight line, p - orc wizard The zap misses the orc wizard.
The zap hits the orc wizard.
The orc wizard is almost dead.
The orc wizard hits you with a dagger.
You die...

#.#...#.# #.# #...'.
#.#<..#.# #.. #...#.
#.#####.# ##. #...#.
#.......# ..#...#<
######.####
######.#...## #...
#....###...## ....+
.....##...##.....##....#
......#o..#.......#.###
.)†...).@.'.......#
......#...#.......#
..... #...##.....## #...
#...###...## ### #...#
##### #...# #...# #...#
+...+


You could see an orc wizard.

Vanquished Creatures
  A gnoll (D:3)
  3 adders (D:2)
  2 leopard geckos
  6 orcs (D:3)
  A ball python (D:1)
  6 goblins
  3 hobgoblins
  6 jackals
  5 kobolds
  7 bats
  6 frilled lizards
  6 rats
52 creatures vanquished.

Notes
Turn   | Place    | Note
-------+----------+-------------------------------------------
     0 | D:1      | TheOrbIsALie the Demonspawn Air Elementalist began the
                  | quest for the Orb.
     0 | D:1      | Reached XP level 1. HP: 13/13 MP: 3/3
   289 | D:1      | Gained mutation: You are partially covered in sharp spines.
                  | [demonic ancestry]
   289 | D:1      | Reached XP level 2. HP: 19/19 MP: 1/5
   294 | D:1      | Reached skill level 2 in Conjurations
   549 | D:2      | Found a burning altar of Makhleb.
   552 | D:2      | Noticed a blizzard demon
   553 | D:2      | Found a glowing silver altar of Zin.
   553 | D:2      | Noticed an angel
   635 | D:2      | Reached XP level 3. HP: 20/24 MP: 1/6
   679 | D:2      | Found a shattered altar of Ashenzari.
   688 | D:2      | Reached skill level 3 in Conjurations
  1741 | D:3      | Gained mutation: You are surrounded by a mild repulsion
                  | field. (EV +2) [demonic ancestry]
  1741 | D:3      | Reached XP level 4. HP: 30/30 MP: 4/7
  1820 | D:3      | Reached skill level 4 in Conjurations
  2099 | D:3      | Slain by an orc wizard

Vault maps used:
D:1:      ebering_trefoil_twist, feat_on_display
D:2:      grunt_temple_overflow_order_and_chaos_2, evilmike_ruin_ashenzari,
          minmay_misc_feat_four_crosses
D:3:      kennysheep_six_static_rooms, uniq_crazy_yiuf_cottage

Skill      XL: |  1  2  3  4 |
---------------+-------------+-----
Conjurations   | 2 3 4 |  4.2
Dodging        | |  1.9
Stealth        | |  1.7
Spellcasting   | |  2.0
Air Magic      | |  2.6

Action                   |  1- 3 |  4- 6 || total
-------------------------+-------+-------++-------
Melee: Unarmed           |    58 |    17 ||    75
 Cast: Shock             |    49 |    30 ||    79
 Stab: Distracted        |     1 |       ||     1
  Eat: Chunk             |     3 |     2 ||     5
Armor: Robe              |     6 |       ||     6
Dodge: Dodged            |    43 |    12 ||    55

Table legend:
 A = Non-vault XP
 B = Vault XP
 C = Vault XP percentage of total XP
 D = Non-vault monster count
 E = Vault monster count
 F = Vault count percentage of total count
                 A         B        C        D         E       F
            +---------+---------+-------+---------+---------+-------
      Total |     136 |       2 |   1.4 |      50 |       2 |   3.8
            +---------+---------+-------+---------+---------+-------
        D:1 |      16 |       0 |   0.0 |      11 |       0 |   0.0
        D:2 |      70 |       0 |   0.0 |      21 |       0 |   0.0
        D:3 |      50 |       2 |   3.8 |      18 |       2 |  10.0
            +---------+---------+-------+---------+---------+-------
